 Dungeon Crawl Stone Soup version 0.31-a0-1338-gb567cfdca4 (webtiles) character file.

Game seed: 5462380844712854396

3123 Lobster4 the Arsonist (level 9, -1/63 HPs)
             Began as a Human Fire Elementalist on Dec 23, 2023.
             Slain by an orc warlord
             ... wielding a +3 broad axe
              (15 damage)
             ... in a bailey.
             The game lasted 00:23:38 (7917 turns).

Lobster4 the Arsonist (Human Fire Elementalist)     Turns: 7917, Time: 00:23:39

Health: -1/63      AC:  8    Str: 10    XL:     9   Next: 91%
Magic:  18/18      EV: 12    Int: 19    God:
Gold:   232        SH:  0    Dex: 13    Spells: 11/21 levels left

rFire   + . .        a - staff of fire
rCold   . . .        (no shield)
rNeg    . . .        x - +0 leather armour
rPois   .            p - +1 helmet
rElec   .            (no cloak)
rCorr   .            t - +0 pair of gloves
SInv    .            l - +0 pair of boots
Will    .....        w - amulet of reflection
Stlth   +            (no ring)
HPRegen 0.30/turn    (no ring)
MPRegen 0.16/turn

%: reflection
@: confused, ambrosia-drunk, attractive
A: explore regen
a: no special abilities


You were in a bailey.
You visited 2 branches of the dungeon, and saw 8 of its levels.
You also visited: Bailey.

You collected 232 gold pieces.

Inventory:

Hand Weapons
 d - a +0 orcbow
 k - a +0 sling
 n - a +3 dagger of electrocution
 B - a +4 short sword
Missiles
 e - 15 boomerangs (quivered)
Armour
 l - a +0 pair of boots (worn)
 p - a +1 helmet (worn)
 t - a +0 pair of gloves (worn)
 u - a +0 ring mail
 x - a +0 leather armour (worn)
Magical Staves
 a - a staff of fire (weapon)
Jewellery
 w - an amulet of reflection (around neck)
Scrolls
 g - a scroll of fear
 h - 3 scrolls of fog
 m - 2 scrolls of teleportation
 r - a scroll of enchant weapon
 v - 2 scrolls of immolation
Potions
 b - a potion of magic
 c - a potion of lignification
 i - a potion of attraction
 j - a potion of ambrosia
 o - a potion of haste {unknown}
 s - a potion of cancellation {unknown}
 C - a potion of mutation {unknown}


   Skills:
 - Level 3.0 Fighting
 - Level 1.0 Short Blades
 - Level 1.0 Throwing
 - Level 5.9 Armour
 - Level 3.0 Dodging
 - Level 2.0 Stealth
 + Level 6.6 Spellcasting
 + Level 6.9 Conjurations
 * Level 10.4 Fire Magic


You had 11 spell levels left.
You knew the following spells:

 Your Spells              Type           Power      Damage    Failure   Level
a - Foxfire               Conj/Fire      100%       2x1d9     1%          1
b - Scorch                Fire           100%       2d9       1%          2
c - Volatile Blastmotes   Fire/Tloc      78%        2d16      4%          3
d - Flame Wave            Conj/Fire      56%        2d13      3%          4

Your spell library contained the following spells:

 Spells                   Type           Power      Damage    Failure   Level
 Shock                    Conj/Air       76%        1d7       3%          1
 Inner Flame              Hex/Fire       39%        N/A       4%          3
 Summon Small Mammal      Summ           24%        N/A       14%         1
 Call Canine Familiar     Summ           6%         N/A       38%         3
 Summon Guardian Golem    Hex/Summ       6%         N/A       38%         3
 Swiftness                Air            6%         N/A       38%         3
 Airstrike                Air            3%         2d(1-17)  80%         4


Dungeon Overview and Level Annotations

Branches:
Dungeon (7/15)             Temple (1/1) D:5          Bailey (1/1)

Altars:
Ashenzari
Elyvilon
Fedhas
Hepliaklqana
Makhleb
Okawaru
Qazlal
Ru
Trog
Uskayaw
Vehumet
Yredelemnul
Zin

Annotations:
D:5 Edmund, Prince Ribbit


Innate Abilities, Weirdness & Mutations

You regain HP and MP as you explore.


Message History

The foxfire hits the orc warlord!
The orc warlord is burned terribly!
The orc warlord is heavily wounded.
The orc warlord hits you but does no damage.
Unknown command.
Okay, then.
Casting: Scorch (safe; 1% risk of failure)
Confirm with . or Enter, or press ? or * to list all spells.
You feel a surge of power!
Flames lash the orc warlord.
The orc warlord is burned terribly!
The orc warlord is heavily wounded.
The orc warlord hits you with a +3 broad axe!
Unknown command.
Casting: Scorch (safe; 1% risk of failure)
Confirm with . or Enter, or press ? or * to list all spells.
You feel a surge of power!
Flames lash the orc warlord but do no damage.
The orc warlord hits you with a +3 broad axe!!
* * * LOW HITPOINT WARNING * * *
Unknown command.
Magic courses through your body.
The orc warlord hits you with a +3 broad axe!
* * * LOW HITPOINT WARNING * * *
It was a potion of attraction.
You feel attractive to monsters.
The orc warlord hits you but does no damage.
It was a potion of ambrosia.
You are confused.
You feel invigorated.
The orc warlord hits you with a +3 broad axe.
* * * LOW HITPOINT WARNING * * *
The orc warlord hits you but does no damage.
The orc warlord hits you with a +3 broad axe.
* * * LOW HITPOINT WARNING * * *
You feel less wooden.
Your +1 helmet unmelds from your body.
Your +0 pair of gloves unmelds from your body.
Your +0 pair of boots unmelds from your body.
Your +0 leather armour unmelds from your body.
The orc warlord hits you with a +3 broad axe!
You die...

♣∩...)~~.#~....∩....~#.~~~...
♣♣...~~~.#~.........~#.~~~...
♣...~~~.#~~.8...8.~~#.~~~...
♣♣..###)###.......###'###..♣
♣.##....#~.8...8.~#....##.♣
♣##...).#~~~~~~~~~#.....##♣
##......####~~~####......##
#...8......#'''#......8...#
#.....)...@o..÷...........#
#.........................#
##..8..8.).........8..8..##
##.......#######.......##
##.)).)#########.....##
##...###########...##
####################
###############
###############


You could see an orc warlord (combustible).

Vanquished Creatures
  Pikel (D:4)
  2 orc warriors (Bailey)
  4 lemures (D:4)
  2 phantoms
  A bullfrog (D:6)
  2 scorpions (D:6)
  3 howler monkeys
  A hound (D:6)
  4 jellies
  Jessica (D:2)
  2 iguanas
  Robin (D:4)
  10 gnolls
  5 adders
  2 bombardier beetles
  A white imp (D:7)
  2 worms
  2 dart slugs
  12 orcs
  4 endoplasms
  4 giant cockroaches
  9 hobgoblins
  2 jackals (D:2)
  3 quokkas
  7 ball pythons
  5 bats
  A frilled lizard (D:1)
  22 goblins
  15 kobolds
  5 rats
135 creatures vanquished.

Vanquished Creatures (others)
  482 foxfires
482 creatures vanquished.

Grand Total: 617 creatures vanquished

Notes
Turn   | Place    | Note
-------+----------+-------------------------------------------
     0 | D:1      | Lobster4 the Human Fire Elementalist began the quest for
                  | the Orb.
     0 | D:1      | Reached XP level 1. HP: 13/13 MP: 3/3
   416 | D:1      | Reached XP level 2. HP: 19/20 MP: 0/5
   419 | D:1      | Learned a level 2 spell: Scorch
  1159 | D:2      | Reached XP level 3. HP: 25/25 MP: 0/6
  1634 | D:2      | Reached skill level 1 in Fighting
  1783 | D:2      | Reached skill level 1 in Armour
  1783 | D:2      | Reached XP level 4. HP: 32/32 MP: 4/7
  1856 | D:2      | Noticed Jessica
  1861 | D:2      | Killed Jessica
  2343 | D:3      | Reached XP level 5. HP: 37/37 MP: 5/8
  2375 | D:3      | Found a broken altar of Ashenzari.
  3153 | D:4      | You fall into a shaft and drop 2 floors!
  3163 | D:5      | Entered Level 5 of the Dungeon
  3163 | D:5      | Noticed a phantom
  3181 | D:5      | Killed a phantom
  3182 | D:5      | Reached skill level 1 in Short Blades
  3182 | D:5      | Reached skill level 4 in Fire Magic
  3252 | D:5      | Reached XP level 6. HP: 44/44 MP: 4/9
  3338 | D:5      | Noticed Prince Ribbit
  3377 | D:5      | Noticed Edmund
  3438 | D:5      | Found a staircase to the Ecumenical Temple.
  3452 | Temple   | Entered the Ecumenical Temple
  3911 | D:4      | Noticed Pikel
  4304 | D:4      | Noticed Robin
  4824 | D:4      | Killed Robin
  5028 | D:4      | Killed Pikel
  5029 | D:4      | Reached skill level 5 in Fire Magic
  5029 | D:4      | Reached XP level 7. HP: 17/51 MP: 2/12
  5573 | D:5      | Reached XP level 8. HP: 58/58 MP: 7/13
  5623 | D:5      | Found an iron altar of Okawaru.
  5945 | D:5      | Found a blossoming altar of Fedhas.
  6239 | D:6      | Found a sacrificial altar of Ru.
  6245 | D:6      | Reached skill level 6 in Fire Magic
  7149 | D:7      | Found a flagged portal.
  7159 | Bailey   | Entered a bailey
  7211 | Bailey   | Reached skill level 7 in Fire Magic
  7278 | Bailey   | Noticed an orc warlord
  7425 | Bailey   | Found a runed translucent gate.
  7426 | Bailey   | Found a runed translucent gate.
  7446 | Bailey   | Reached skill level 1 in Throwing
  7569 | Bailey   | Found a runed translucent gate.
  7653 | Bailey   | Reached skill level 5 in Armour
  7653 | Bailey   | Reached skill level 10 in Fire Magic
  7653 | Bailey   | Reached XP level 9. HP: 63/63 MP: 14/18
  7697 | Bailey   | Learned a level 3 spell: Volatile Blastmotes
  7739 | Bailey   | Identified a scroll of acquirement
  7739 | Bailey   | Acquired a staff of fire
  7748 | Bailey   | Learned a level 4 spell: Flame Wave
  7912 | Bailey   | HP: 3/94 [orc warlord/+3 broad axe (7)]
  7917 | Bailey   | Slain by an orc warlord

Illustrated notes

Levels and vault maps discovered:
D:1:      amcnicky_arrival_feature_with_door, layout_loops_ring, minivault_25,
          kennysheep_another_room
D:2:      layout_basic, wad_floor_pattern_untrapped, uniq_jessica
D:3:      layout_basic, nicolae_overflow_crystal_walls
D:4:      layout_cave_pools, uniq_robin, uniq_pikel
D:5:      layout_basic, mainiacjoe_overflow_catwalk_spiral,
          minmay_temple_entry_purple_smoke, uniq_edmund, uniq_prince_ribbit1
D:6:      layout_cave_pods, mainiacjoe_overflow_boulevard,
          kennysheep_cluttered_room
D:7:      layout_gridville, nicolae_overflow_hallway_of_the_gods, enter_bailey_3
Temple:   grunt_temple_mini_profane
Bailey:   bailey_axe_bossmonster_kennysheep, bailey

Skill      XL: |  1  2  3  4  5  6  7  8 |
---------------+-------------------------+-----
Fighting       | 1 2 3 |  3.0
Armour         | 1 2 3 5 |  5.9
Short Blades   | 1 |  1.0
Conjurations   | 2 3 6 |  6.9
Fire Magic     | 4 5 10 | 10.4
Dodging        | 3 |  3.0
Spellcasting   | 3 6 |  6.6
Throwing       | 1 |  1.0
Stealth        | |  2.0

Action                     |  1- 3 |  4- 6 |  7- 9 || total
---------------------------+-------+-------+-------++-------
  Melee: Dagger            |    15 |    12 |     4 ||    31
         Punch             |     1 |     1 |       ||     2
  Throw: Boomerang         |       |       |    11 ||    11
   Cast: Foxfire           |    60 |   120 |   112 ||   292
         Scorch            |     4 |    28 |    32 ||    64
    Use: Scroll            |       |     5 |    11 ||    16
         Potion            |       |     1 |     6 ||     7
 Armour: Robe              |    11 |       |       ||    11
         Leather armour    |       |    14 |     7 ||    21
         Skin              |       |       |    16 ||    16
  Dodge: Dodged            |    15 |    16 |     6 ||    37
  Block: Other             |       |     6 |     6 ||    12
         Reflection        |       |       |     1 ||     1

Table legend: (Time is in decaauts)
 A = Elapsed time spent in this place.
 B = Non-inter-level travel time spent in this place.
 C = Inter-level travel time spent in this place.
 D = Time resting spent in this place.
 E = Time spent auto-exploring this place.
 F = Levels seen in this place.
 G = Mean time per level.
                   A        B        C        D        E       F      G
               +--------+--------+--------+--------+--------+-----+--------+
         Total |   7931 |   7692 |    239 |   1992 |   4299 |   9 |  881.2 |
       Dungeon |   7157 |   6918 |    239 |   1637 |   4167 |   7 | 1022.4 |
        Temple |      5 |      5 |      0 |      0 |      0 |   1 |    5.0 |
        Bailey |    768 |    768 |      0 |    355 |    132 |   1 |  768.0 |
               +--------+--------+--------+--------+--------+-----+--------+

Top non-repeatable levels by time:
     D:4: 1442 daAuts
     D:5: 1387 daAuts
     D:3: 1251 daAuts
     D:1: 1143 daAuts
     D:6: 997 daAuts
     D:2: 895 daAuts
  Bailey: 768 daAuts
     D:7: 40 daAuts
  Temple: 5 daAuts
